 Dungeon Crawl Stone Soup version 0.28.0-45-g0d030f2227 (webtiles) character file.

Game seed: 19495734812467387

179 zeratav the Caller (level 5, -3/28 HPs)
             Began as a Tengu Summoner on Apr 13, 2022.
             Was an Initiate of Yredelemnul.
             Slain by a gnoll
             ... wielding a +0 spear
              (5 damage)
             ... on level 4 of the Dungeon.
             The game lasted 00:09:32 (4354 turns).

zeratav the Caller (Tengu Summoner)                 Turns: 4354, Time: 00:09:32

Health: -3/28      AC:  3    Str:  8    XL:     5   Next: 59%
Magic:  2/11       EV: 14    Int: 17    God:    Yredelemnul [......]
Gold:   177        SH:  0    Dex: 15    Spells: 7/11 levels left

rFire   . . .      SeeInvis .   o - +4 mace (protect) {mace}
rCold   . . .      Faith    .   (no shield)
rNeg    . . .      Spirit   .   a - +0 robe
rPois   .          Reflect  .   (helmet restricted)
rElec   .          Harm     .   c - +0 cloak
rCorr   .          Rampage  .   (no gloves)
Will    .....                   (boots unavailable)
Stlth   ++........              (no amulet)
HPRegen 0.09/turn               (no ring)
MPRegen 0.12/turn               (no ring)

@: flying quickly and evasively, quick
A: beak, talons 3, nimble flight
a: Renounce Religion, Recall Undead Harvest


You were on level 4 of the Dungeon.
You worshipped Yredelemnul.
Yredelemnul was noncommittal.
You visited 1 branch of the dungeon, and saw 4 of its levels.

You collected 177 gold pieces.


Innate Abilities, Weirdness & Mutations

You have a beak for a mouth.
You have claws for feet.
Your magical nature lets you fly swiftly and evasively.


   Skills:
 - Level 2.1 Dodging
 - Level 2.0 Stealth
 + Level 3.9 Spellcasting
 + Level 6.6 Summonings


You had 7 spell levels left.
You knew the following spells:

 Your Spells              Type           Power      Damage    Failure   Level
a - Summon Small Mammal   Summ           100%       N/A       1%          1
b - Call Canine Familiar  Summ           25%        N/A       3%          3

Your spell library contained the following spells:

 Spells                   Type           Power      Damage    Failure   Level
 Call Imp                 Summ           25%        N/A       1%          2
 Summon Guardian Golem    Hex/Summ       14%        N/A       12%         3
 Corpse Rot               Necr/Air       6%         N/A       24%         2
 Poisonous Vapours        Pois/Air       6%         N/A       24%         2
 Summon Lightning Spire   Summ/Air       14%        N/A       38%         4
 Tukima's Dance           Hex            3%         N/A       43%         3
 Passage of Golubria      Tloc           3%         N/A       85%         4
 Freezing Cloud           Conj/Ice/Air   1%         6-21      99%         5
 Yara's Violent Unravell  Hex/Tmut       1%         3d3       99%         5
 Simulacrum               Ice/Necr       1%         N/A       100%        6
 Polar Vortex             Ice            1%         N/A       100%        9

Inventory:

Hand Weapons
 b - a +0 spear {polearm}
   (You found it on level 1 of the Dungeon)
 n - a +1 flail of protection {mace}
   (You took it off an orc on level 4 of the Dungeon)
 o - a +4 mace of protection (weapon) {mace}
   (You took it off an orc on level 4 of the Dungeon)
Armour
 a - a +0 robe (worn)
 c - a +0 cloak (worn)
   (You found it on level 1 of the Dungeon)
 m - a +0 leather armour of cold resistance
   (You found it on level 3 of the Dungeon)
Magical Staves
 j - a staff of death {staff}
   (You found it on level 3 of the Dungeon)
Jewellery
 d - an amulet of magic regeneration {@e2}
   (You found it on level 1 of the Dungeon)
Wands
 p - a wand of digging (5)
   (You found it on level 4 of the Dungeon)
Scrolls
 e - a scroll of fear {unknown}
 f - 3 scrolls of identify {unknown}
 g - a scroll of magic mapping {unknown}
 i - 3 scrolls of teleportation {unknown}
 k - a scroll of fog {unknown}
Potions
 h - 2 potions of might {unknown}
 l - a potion of haste {unknown}

Dungeon Overview and Level Annotations

Branches:
Dungeon (4/15)
 Temple: D:4-7

Altars:
Gozag
Hepliaklqana
Yredelemnul

#####..............##.
##...###.####...###.##.
#..$. #.# #.....#.###
#.... ##.####.......# # .
#...##.....'......####
...#..Z#.#.####..........
......ghZ#>..............
.......g.#.####....#.####
.......b@#.. ####.#.#
####+###.### #.#<# ...
#.### ..... #......
#....... #......##
#......#


You could see 2 gnolls, a friendly hound (summoned), a friendly gnoll zombie, a
friendly kobold zombie and a friendly bat (summoned).


Message History

g - Guard the area. f - Follow me.
Anything else - Cancel.
Gang up on whom?
Press: ? - help, Dir - move target, f - gnoll
Aim: a gnoll, wielding a +0 spear (ally target) Attack!
Your bat hits the gnoll but does no damage.
The gnoll hits your bat with a +0 spear.
You swap places.
Your bat hits the gnoll.
You swap places.
Your bat hits the gnoll but does no damage.
Your hound closely misses the gnoll.
Casting: Summon Small Mammal (safe; 1% risk of failure)
Confirm with . or Enter, or press ? or * to list all spells.
Okay, then.
What are your orders? t - Shout!
Orders for allies: a - Attack new target. p - Attack previous target. r - Retreat! s - Stop attacking. g - Guard the area. f - Follow me.
Anything else - Cancel.
Gang up on whom?
Press: ? - help, Dir - move target, f - gnoll, p - gnoll
Aim: a gnoll, wielding a +0 whip Attack!
Your hound bites the gnoll but does no damage.
The gnoll hits your hound with a +0 whip.
The gnoll hits your quokka with a +0 whip.
MP[+1]
You swap places.
Your bat hits the gnoll.
Your hound bites the gnoll.
The gnoll hits your hound with a +0 whip!
Your hound closely misses the gnoll.
The gnoll misses your quokka.
You swap places.
Your bat hits the gnoll. The gnoll hits you but does no damage.
Your hound closely misses the gnoll.
Your bat barely misses the gnoll.
The gnoll barely misses your hound. The gnoll closely misses you.
Your magical contamination has completely faded away.
You hit the gnoll but do no damage.
Your weapon exudes an aura of protection.
Your bat hits the gnoll but does no damage.
Your hound closely misses the gnoll.
The gnoll completely misses you.
The gnoll hits your hound with a +0 whip.
Your hound dies!
Your hound's corpse disappears in a puff of smoke!
The gnoll hits you but does no damage. The gnoll closely misses you.
You thump the gnoll!
You kill the gnoll!
A black mist starts to gather...
The gnoll barely misses you. The gnoll hits you with a +0 whip.
The gnoll completely misses you.
You see here a +0 whip {mace}.
HP[-3]
You take 3 damage, and now have 25/28 hp.
Your bat closely misses the gnoll.
Your bat barely misses the gnoll.
The gnoll throws a throwing net.
The throwing net misses your bat. The throwing net hits you.
You become entangled in the net!
Your bat hits the gnoll. The gnoll hits you but does no damage.
You see here a throwing net {=fthrowing}.
Casting: Summon Small Mammal (safe; 1% risk of failure)
Confirm with . or Enter, or press ? or * to list all spells.
Your bat hits the gnoll but does no damage. x2
The gnoll closely misses your bat.
Your quokka bites the gnoll.
Your gnoll zombie hits the gnoll.
The gnoll hits you from afar with a +0 spear.
HP[-4] MP[-3]
You take 4 damage, and now have 21/28 hp.
You lost 3 mp, and now have 1/11 mp.
You struggle against the net.
Your quokka bites the gnoll.
Your bat hits the gnoll but does no damage.
The gnoll hits you from afar with a +0 spear!
* * * LOW HITPOINT WARNING * * *
Your gnoll zombie barely misses the gnoll.
HP[-8] MP[+1]
You take 8 damage, and now have 13/28 hp.
MASSIVE DAMAGE!! (PAUSE)
You struggle against the net.
Your bat hits the gnoll.
Your hound barely misses the gnoll.
Your quokka barely misses the gnoll.
The gnoll hits you with a +0 whip.
* * * LOW HITPOINT WARNING * * *
The gnoll hits you from afar with a +0 spear.
* * * LOW HITPOINT WARNING * * *
Your hound bites the gnoll but does no damage.
HP[-8]
You take 8 damage, and now have 5/28 hp.
MASSIVE DAMAGE!! (PAUSE)
You shred the net and break free!
Your bat hits the gnoll but does no damage.
Your quokka barely misses the gnoll.
The gnoll misses you.
Your gnoll zombie hits the gnoll.
Your hound completely misses the gnoll.
The gnoll hits you from afar with a +0 spear.
* * * LOW HITPOINT WARNING * * *
Your quokka misses the gnoll.
HP[-3]
You take 3 damage, and now have 2/28 hp.
Your quokka disappears in a puff of smoke!
Your bat closely misses the gnoll.
The gnoll barely misses you.
Your gnoll zombie hits the gnoll.
The gnoll hits you from afar with a +0 spear.
You die...
Your body rises from the dead as a mindless zombie.

Skill      XL: |  1  2  3  4 |
---------------+-------------+-----
Summonings     | 5 6 |  6.6
Spellcasting   | 3 |  3.9
Dodging        | |  2.1
Stealth        | |  2.0

Action                   |  1- 3 |  4- 6 || total
-------------------------+-------+-------++-------
Melee: Spear             |    51 |    16 ||    67
       Peck              |    11 |     3 ||    14
       Kick              |     9 |     4 ||    13
       Unarmed           |     1 |       ||     1
       Mace              |       |     2 ||     2
 Cast: Summon Small Mamm |    44 |     8 ||    52
       Call Canine Famil |     6 |    14 ||    20
Invok: Recall Undead Har |       |     1 ||     1
Armor: Robe              |    11 |     8 ||    19
Dodge: Dodged            |    22 |    25 ||    47

Levels and vault maps discovered:
D:1:      lemuel_arrival_rhombus, layout_loops_ring,
          hellmonk_ecumenical_altar_arch_garden
D:2:      layout_loops_ring, uniq_jessica
D:3:      layout_basic, mainiacjoe_overflow_swirl,
          mainiacjoe_overflow_surrounded_room, serial_rivers,
          chequers_serial_rivers_small_b, chequers_serial_rivers_small_b,
          chequers_serial_rivers_micro_d, chequers_serial_rivers_micro_c,
          chequers_serial_rivers_large_a, chequers_serial_rivers_marsh
D:4:      minmay_chambers_of_fours, layout_basic,
          eino_small_chamber_without_monster

Notes
Turn   | Place    | Note
-------+----------+-------------------------------------------
     0 | D:1      | zeratav the Tengu Summoner began the quest for the Orb.
     0 | D:1      | Reached XP level 1. HP: 10/10 MP: 4/4
     0 | D:1      | magus.rc [v1.9.6]
   377 | D:1      | Reached skill level 5 in Summonings
   462 | D:1      | Found a faded altar of an unknown god.
   522 | D:1      | Reached XP level 2. HP: 13/15 MP: 3/6
  1180 | D:1      | You pick up a book of Vapours and begin reading...
  1180 | D:1      | You add the spells Poisonous Vapours and Corpse Rot to your
                  | library.
  1794 | D:2      | Reached XP level 3. HP: 19/19 MP: 5/7
  1820 | D:2      | Learned a level 3 spell: Call Canine Familiar
  1964 | D:2      | You fall into a shaft and drop 1 floor!
  1978 | D:3      | Reached skill level 3 in Spellcasting
  2311 | D:3      | Found a basalt altar of Yredelemnul.
  2398 | D:3      | Became a worshipper of Yredelemnul the Dark
  2466 | D:3      | Reached XP level 4. HP: 24/24 MP: 5/9
  2592 | D:3      | HP: 6/24 [orc priest/divine providence (13)]
  2603 | D:3      | Reached skill level 6 in Summonings
  2610 | D:3      | HP: 6/24 [something (1)]
  2615 | D:3      | Gained mutation: Your magical nature lets you fly swiftly
                  | and evasively. [Tengu growth]
  2615 | D:3      | Reached XP level 5. HP: 5/28 MP: 4/11
  3002 | D:3      | You pick up a book of Ice and begin reading...
  3002 | D:3      | You add the spells Freezing Cloud, Simulacrum and Polar
                  | Vortex to your library.
  3064 | D:3      | Reached * piety under Yredelemnul
  3192 | D:3      | Found a hazy altar of Hepliaklqana.
  3238 | D:3      | Found an opulent altar of Gozag.
  3934 | D:4      | You add the spells Tukima's Dance, Passage of Golubria and
                  | Yara's Violent Unravelling to your library.
  4352 | D:4      | HP: 5/28 [gnoll/+0 spear (4)]
  4353 | D:4      | HP: 2/28 [gnoll/+0 spear (4)]
  4354 | D:4      | Slain by a gnoll

Vanquished Creatures
  A hound skeleton (D:4)
  A gnoll (D:4)
  3 adders
  3 orcs (D:3)
  An endoplasm (D:1)
  2 giant cockroaches
  3 hobgoblins
  A kobold (D:1)
  A quokka (D:2)
  2 rats
18 creatures vanquished.

Vanquished Creatures (collateral kills)
  An orc priest (D:3)
  An orc wizard (D:3)
  An adder (D:3)
  A worm (D:2)
  6 orcs
  4 endoplasms
  A giant cockroach (D:1)
  4 goblins
  4 hobgoblins
  2 quokkas
  3 ball pythons
  2 bats
  4 kobolds
  4 rats
38 creatures vanquished.

Vanquished Creatures (others)
  An adder zombie (D:3)
  2 hobgoblin zombies (D:3)
  An orc zombie (D:3)
4 creatures vanquished.

Grand Total: 60 creatures vanquished

Table legend:
 A = Non-vault XP
 B = Vault XP
 C = Vault XP percentage of total XP
 D = Non-vault monster count
 E = Vault monster count
 F = Vault count percentage of total count
                 A         B        C        D         E       F
            +---------+---------+-------+---------+---------+-------
      Total |     257 |       0 |   0.0 |      56 |       0 |   0.0
            +---------+---------+-------+---------+---------+-------
        D:1 |      22 |       0 |   0.0 |      13 |       0 |   0.0
        D:2 |      43 |       0 |   0.0 |      11 |       0 |   0.0
        D:3 |     144 |       0 |   0.0 |      23 |       0 |   0.0
        D:4 |      48 |       0 |   0.0 |       9 |       0 |   0.0
            +---------+---------+-------+---------+---------+-------

Illustrated notes

Table legend:
 A = Kills in this place as a percentage of kills in entire the game.
 B = Kills by you in this place as a percentage of kills by you in the entire game.
 C = Kills by friends in this place as a percentage of kills by friends in the entire game.
 D = Other kills in this place as a percentage of other kills in the entire game.
 E = Experience gained in this place as a percentage of experience gained in the entire game.
 F = Experience gained in this place divided by the number of levels of this place that you have seen.
                   A       B       C       D       E      F
               +-------+-------+-------+-------+-------+----------------------
         Total | 100.0 | 100.0 | 100.0 |   N/A | 100.0 |  64.2
       Dungeon | 100.0 | 100.0 | 100.0 |   N/A | 100.0 |  64.2
               +-------+-------+-------+-------+-------+----------------------

Table legend: (Time is in decaauts)
 A = Elapsed time spent in this place.
 B = Non-inter-level travel time spent in this place.
 C = Inter-level travel time spent in this place.
 D = Time resting spent in this place.
 E = Time spent auto-exploring this place.
 F = Levels seen in this place.
 G = Mean time per level.
                   A        B        C        D        E       F      G
               +--------+--------+--------+--------+--------+-----+--------+
         Total |   4295 |   4217 |     78 |    839 |   2630 |   4 | 1073.8 |
       Dungeon |   4295 |   4217 |     78 |    839 |   2630 |   4 | 1073.8 |
               +--------+--------+--------+--------+--------+-----+--------+

Top non-repeatable levels by time:
     D:3: 1633 daAuts
     D:1: 1422 daAuts
     D:4: 693 daAuts
     D:2: 545 daAuts
